 Dungeon Crawl Stone Soup version 0.22-a0-848-ge9e22a0 (webtiles) character file.

98 Kuinu the Skirmisher (level 4, -19/41 HPs)
             Began as a Minotaur Fighter on July 26, 2018.
             Demolished by a two-headed ogre
             ... wielding a +0 giant club
              (30 damage)
             ... on level 3 of the Dungeon.
             The game lasted 00:03:28 (1921 turns).

Kuinu the Skirmisher (Minotaur Fighter)             Turns: 1921, Time: 00:03:28

Health: -19/41     AC:  9    Str: 27    XL:     4   Next: 43%
Magic:  3/3        EV:  6    Int:  5    God:
Gold:   129        SH: 10    Dex:  9    Spells: 3/3 levels left

rFire    . . .     SeeInvis .   a - +0 long sword
rCold    . . .     Gourm    .   c - +0 shield
rNeg     . . .     Faith    .   n - +0 chain mail
rPois    .         Spirit   .   (helmet restricted)
rElec    .         Reflect  .   (no cloak)
rCorr    .         Harm     .   (no gloves)
MR       .....                  (no boots)
Stlth    ..........             r - amulet of the acrobat
HPRegen  0.13/turn              (no ring)
MPRegen  0.08/turn              (no ring)

@: mighty
A: retaliatory headbutt, horns 2
a: no special abilities


You were on level 3 of the Dungeon.
You were not hungry.

You visited 1 branch of the dungeon, and saw 3 of its levels.

You collected 129 gold pieces.

Inventory:

Hand Weapons
 a - a +0 long sword (weapon)
Armour
 b - a +0 scale mail
 c - a +0 shield (worn)
 n - a +0 chain mail (worn)
Jewellery
 r - an amulet of the acrobat (around neck)
Scrolls
 e - a scroll of blinking {unknown}
 g - a scroll of immolation {unknown}
 h - 3 scrolls of teleportation
 m - 2 scrolls of noise {unknown}
 o - 2 scrolls of identify {unknown}
 q - 3 scrolls of remove curse {unknown}
Potions
 i - a potion of mutation {unknown}
 j - a potion of brilliance {unknown}
 k - 2 potions of curing {unknown}
 l - 2 potions of lignification {unknown}
 p - a potion of haste {unknown}
Comestibles
 f - 6 rations


   Skills:
 * Level 4.7 Fighting
 * Level 3.8 Long Blades
 + Level 4.2 Armour
 + Level 4.1 Shields


You had 3 spell levels left.
You didn't know any spells.
Your spell library was empty.

Dungeon Overview and Level Annotations

Branches:
Dungeon (3/15)

Altars:
Ashenzari
Fedhas


Innate Abilities, Weirdness & Mutations

You reflexively headbutt those who attack you in melee.
You have a pair of horns on your head.


Message History

You block the two-headed ogre's attack.
You slash the two-headed ogre! You headbutt the two-headed ogre!
The two-headed ogre is moderately wounded.
The two-headed ogre hits you but does no damage.
You block the two-headed ogre's attack.
You barely miss the two-headed ogre.
The two-headed ogre is moderately wounded.
The two-headed ogre hits you with a giant club!!
Ouch! That really hurt!
* * * LOW HITPOINT WARNING * * *
You block the two-headed ogre's attack.
You are too injured to fight recklessly!
You are too injured to fight recklessly!
You are too injured to fight recklessly!
You are too injured to fight recklessly!
You slash the two-headed ogre!
The two-headed ogre is heavily wounded.
The two-headed ogre hits you with a giant club!!
Ouch! That really hurt!
You die...

.................#
.................#
.................#
.................# ###
## ................####
#.########..
###########.....+..#
#...........
#.....##.###.######!...
####'#...#.....# #....
#.#@..#.#.#......###
#.#O....#.########
#.#..####.)
########.#..########
#........#.....O<..#
#........#.......#.# ♣
#........#########.# ♣♣
#..................#
.♣♣
#.............#....#


You could see a two-headed ogre.

Vanquished Creatures
  A worker ant (D:2)
  2 adders
  2 worms
  3 leopard geckos
  6 bats
  5 giant cockroaches
  3 goblins
  5 hobgoblins
  9 kobolds
  A quokka (D:2)
  2 frilled lizards (D:2)
  6 rats
45 creatures vanquished.

Notes
Turn   | Place    | Note
-------+----------+-------------------------------------------
     0 | D:1      | Kuinu the Minotaur Fighter began the quest for the Orb.
     0 | D:1      | Reached XP level 1. HP: 19/19 MP: 0/0
   178 | D:1      | Reached XP level 2. HP: 27/27 MP: 1/1
   724 | D:2      | Reached XP level 3. HP: 31/33 MP: 2/2
   929 | D:2      | Found a shattered altar of Ashenzari.
  1201 | D:2      | Reached XP level 4. HP: 39/41 MP: 3/3
  1373 | D:3      | Found a blossoming altar of Fedhas.
  1443 | D:3      | Noticed a two-headed ogre
  1921 | D:3      | Demolished by a two-headed ogre

Vault maps used:
D:1:      minmay_arrival_plants_in_alcoves, minmay_tromino_v2
D:2:      lemuel_crystal_altar
D:3:      fedhas_altar_fruit_tree, nicolae_overflow_hidden_temple,
          kennysheep_nub, nicolae_underground_beach

Skill      XL: |  1  2  3 |
---------------+----------+-----
Fighting       | 4 |  4.7
Long Blades    | 3 |  3.8
Armour         | 4 |  4.2
Shields        | 4 |  4.1

Action                   |  1- 3 |  4- 6 || total
-------------------------+-------+-------++-------
Melee: Long sword        |   101 |    15 ||   116
       Headbutt          |    13 |     3 ||    16
  Use: Scroll            |       |     1 ||     1
       Potion            |       |     1 ||     1
  Eat: Chunk             |     1 |     2 ||     3
Armor: Scale mail        |    23 |       ||    23
       Chain mail        |    23 |     4 ||    27
Dodge: Dodged            |    46 |     9 ||    55
Block: Shield            |    53 |     8 ||    61
       Rpst.: Long sword |    11 |     2 ||    13

Table legend:
 A = Spawn XP
 B = Non-spawn XP
 C = Spawn XP percentage of total XP
 D = Spawn monster count
 E = Non-spawn monster count
 F = Spawn count percentage of total count
 G = Total turns spent on level
                    A         B        C        D         E        F      G
               +---------+---------+-------+---------+---------+-------+---------
         Total |       0 |     140 |   0.0 |       0 |      45 |   0.0 |  1921
               +---------+---------+-------+---------+---------+-------+---------
           D:1 |       0 |      35 |   0.0 |       0 |      19 |   0.0 |   607
           D:2 |       0 |      81 |   0.0 |       0 |      21 |   0.0 |  1063
           D:3 |       0 |      24 |   0.0 |       0 |       5 |   0.0 |   251
               +---------+---------+-------+---------+---------+-------+---------
